 Dungeon Crawl Stone Soup version 0.18-a0-775-g4d9e04e (webtiles) character file.

15597 MrRokkomies the Grappler (level 12, 0/124 HPs)
             Began as a Troll Artificer on Dec 12, 2015.
             Was a Priest of Pakellas.
             Slain by a blink frog (4 damage)
             ... on level 4 of the Lair of Beasts on Dec 13, 2015.
             The game lasted 00:34:58 (11829 turns).

MrRokkomies the Grappler (Troll Artificer)         Turns: 11829, Time: 00:34:58

Health: 0/124      AC: 11    Str: 22    XL:     12   Next: 2%
Magic:  14/17      EV: 18    Int:  8    God:    Pakellas [***...]
Gold:   838        SH:  0    Dex: 19    Spells: 0 memorised, 11 levels left

rFire  + + .     SeeInvis .       - Unarmed
rCold  + . .     Clarity  .     z - +2 robe {rC+ rF+}
rNeg   . . .     SustAt   .     (no shield)
rPois  .         Gourm    +     C - +2 hat of the High Council {Archmagi, Wiz- Stlth-}
rElec  .         Spirit   .     L - +1 cloak
rCorr  .         Dismiss  .     (gloves unavailable)
rMut   .         Stasis   .     (boots unavailable)
MR     .....                    (no amulet)
Stlth  ++........               w - ring of protection from fire
                                G - ring of wizardry

@: agile, about to teleport, not resistant to hostile enchantments, unstealthy
A: unfitting armour, claws 3, fast metabolism 3, gourmand, regeneration 2,
shaggy fur 1, tough skin 2
a: Quick Charge, Device Surge, Renounce Religion


You were on level 4 of the Lair of Beasts.
You worshipped Pakellas.
Pakellas was most pleased with you.
You were completely stuffed.

You visited 3 branches of the dungeon, and saw 14 of its levels.

You collected 838 gold pieces.

Inventory:

Hand Weapons
 b - a +0 blowgun
 B - a +2 dagger of venom
Missiles
 t - 8 javelins (quivered)
 D - 9 curare-tipped needles
 F - 11 poisoned needles
Armour
 z - a +2 robe of resistance (worn)
 C - the +2 hat of the High Council (worn) {Archmagi, Wiz- Stlth-}
   (You found it on level 6 of the Dungeon)

   It makes you less stealthy.
 L - a +1 cloak (worn)
Rods
 J - a +8 rod of destruction (12/12)
   (Pakellas gifted it to you on level 1 of the Lair of Beasts)
Jewellery
 w - a ring of protection from fire (right claw)
 G - a ring of wizardry (left claw)
Wands
 a - a wand of fireball (0)
 c - a wand of flame (0)
 d - a wand of enslavement (2)
 e - a wand of fire (7)
 i - a wand of slowing (30)
 k - a wand of digging (10)
 n - a wand of magic darts (38)
 y - a wand of confusion (9)
 E - a wand of cold (0)
 N - a wand of invisibility (5)
Scrolls
 h - a scroll of magic mapping
 s - a scroll of teleportation
 u - 2 scrolls of fog
 A - 7 scrolls of remove curse
Potions
 j - a potion of haste
 m - 2 potions of cancellation
 p - 4 potions of might
 r - 2 potions of curing
 x - 2 potions of resistance
 P - a potion of flight {unknown}
Miscellaneous
 v - a lamp of fire (inert)
Comestibles
 f - 6 bread rations
 g - a beef jerky
 l - 3 fruits
 q - 7 chunks of flesh
 H - 9 slices of pizza
 K - 2 meat rations


   Skills:
 * Level 9.6 Fighting
 - Level 0.7 Short Blades
 * Level 5.2 Dodging
 - Level 0.4 Stealth
 - Level 10.8 Unarmed Combat
 - Level 8.3 Evocations


You had 11 spell levels left.
You didn't know any spells.

Dungeon Overview and Level Annotations

Branches:
Dungeon (9/15)             Temple (1/1) D:4            Lair (4/8) D:9
  Snake (0/4) Lair:4          Orc (0/4) D:9
  Swamp: Lair:3-6    Shoals: Lair:3-6

Altars:
Ashenzari
Cheibriados
Elyvilon
Fedhas
Gozag
Makhleb
Nemelex Xobeh
Pakellas
Qazlal
Ru
Trog
Xom
Yredelemnul
The Shining One

Shops:
D:8 %   D:9 (


Innate Abilities, Weirdness & Mutations

You are too large for most types of armour.
You have claws for hands.
Your metabolism is lightning-fast.
You like to eat raw meat.
You heal very quickly.
You are covered in fur (AC +1).
You have very tough skin (AC +2).


Message History

Read which item? (? for menu, Esc to quit)
As you read the scroll of teleportation, it crumbles to dust.
You feel strangely unstable. The wolf bites you.
* * * LOW HITPOINT WARNING * * *
The blink frog barely misses you. The wolf bites you but does no damage.
The blink frog hits you!
* * * LOW HITPOINT WARNING * * *
Evoke which item? (* to show all) (? for menu, Esc to quit)
Zapping:
y - a wand of confusion (10)
Press: ? - help, Shift-Dir - straight line, f - wolf, p - blink frog
Aim: a wolf (moderately wounded, chance to defeat MR: 63%)
The wolf resists with significant effort.
This wand has 9 charges left.
The wolf pauses to sniff the ground.
The wolf misses you. The blink frog completely misses you.
The wolf closely misses you.
An elephant comes into view. 3 river rats come into view.
The blink frog barely misses you. The blink frog hits you.
You die...

# #........77...%.. #
####..........rr..%.
#####P##...PP##....)7...
#..#..##..#####.Y.r## ..
..........# ##.§P## .
..........# #..§.#
###.#P.....# ##.§##
######....# #.E# #...##
#.@## #...# #hF.#
#..###....P# ..# ##....#
######


You could see an elephant, a blink frog, a wolf, 3 river rats and a friendly
fire elemental.

Vanquished Creatures
  Snorg (Lair:3)
  2 hydras
  Sonja (Lair:2)
  A griffon (Lair:2)
  6 elephants
  A black mamba (Lair:2)
  Psyche (D:9)
  A spiny frog (Lair:1)
  2 komodo dragons
  2 fire drakes
  A polar bear (Lair:3)
  A blink frog (Lair:4)
  A spriggan (D:8)
  A wyvern (D:6)
  7 yaks
  4 hippogriffs
  2 basilisks (Lair:2)
  2 centaurs (D:8)
  A hungry ghost (D:9)
  Menkaure (D:5)
  6 water moccasins
  A phantom (D:5)
  An ice beast (D:7)
  3 porcupines (Lair:1)
  3 orc warriors
  A sky beast (D:7)
  16 crocodiles
  4 ogres
  A big kobold (D:8)
  4 giant frogs
  Blork the orc (D:5)
  2 wyvern zombies
  A scorpion (D:5)
  A crimson imp (D:6)
  4 wights (D:8)
  A quasit (D:6)
  2 orc wizards
  A centaur zombie (D:5)
  3 jellies
  2 orc priests
  5 hounds
  Natasha (D:3)
  4 centaur skeletons
  8 iguanas
  9 worker ants
  A killer bee zombie (D:9)
  11 adders
  5 gnolls
  6 river rats (Lair:2)
  An ooze (D:3)
  2 adder skeletons
  An adder zombie (D:9)
  2 worms (D:3)
  9 giant geckos
  16 orcs
  A ball python (D:2)
  4 giant cockroaches
  6 hobgoblins
  18 jackals
  11 kobolds
  11 bats
  10 giant newts
  4 goblins
  2 quokkas
  A quokka skeleton (D:5)
  A quokka zombie (D:5)
  15 rats
  2 fungi (D:9)
  A plant (D:9)
265 creatures vanquished.

Vanquished Creatures (collateral kills)
  A spiny frog (Lair:2)
  A porcupine (Lair:1)
  A crocodile (Lair:2)
  2 orc priests (D:8)
  A hound skeleton (D:8)
  5 orcs
11 creatures vanquished.

Vanquished Creatures (others)
  An elephant (Lair:4)
  A yak (Lair:2)
  A water moccasin (Lair:2)
  An orc warrior (D:9)
  A crocodile (Lair:4)
  A jelly (D:6)
  A gnoll (D:5)
  2 fungi (Lair:2)
9 creatures vanquished.

Grand Total: 285 creatures vanquished

Notes
Turn   | Place    | Note
--------------------------------------------------------------
     0 | D:1      | MrRokkomies the Troll Artificer began the quest for the Orb.
     0 | D:1      | Reached XP level 1. HP: 18/18 MP: 1/1
   121 | D:1      | Reached skill level 1 in Unarmed Combat
   125 | D:1      | Reached XP level 2. HP: 26/26 MP: 2/2
   522 | D:1      | Reached XP level 3. HP: 29/32 MP: 3/3
  1088 | D:2      | Reached XP level 4. HP: 36/40 MP: 5/5
  1556 | D:3      | Reached skill level 3 in Unarmed Combat
  1758 | D:3      | Found a bloodstained altar of Trog.
  2281 | D:3      | Noticed Natasha
  2289 | D:3      | Killed Natasha
  2289 | D:3      | Reached XP level 5. HP: 41/46 MP: 6/6
  2429 | D:4      | Reached skill level 4 in Unarmed Combat
  2454 | D:4      | Found a staircase to the Ecumenical Temple.
  2462 | Temple   | Entered the Ecumenical Temple
  2493 | Temple   | Became a worshipper of Pakellas the Inventive
  2648 | D:4      | Noticed an ogre
  2651 | D:4      | Killed an ogre
  2651 | D:4      | Reached skill level 5 in Unarmed Combat
  2651 | D:4      | Reached XP level 6. HP: 54/54 MP: 7/7
  3014 | D:5      | Entered Level 5 of the Dungeon
  3140 | D:5      | Reached XP level 7. HP: 42/61 MP: 8/8
  3342 | D:5      | Reached skill level 6 in Unarmed Combat
  3396 | D:5      | Noticed Menkaure
  3400 | D:5      | Killed Menkaure
  3401 | D:5      | Reached * piety under Pakellas
  3506 | D:5      | Noticed Blork the orc
  3525 | D:5      | Killed Blork the orc
  3626 | D:5      | Found a blossoming altar of Fedhas.
  3626 | D:5      | Found a sparkling altar of Nemelex Xobeh.
  3763 | D:5      | Reached skill level 7 in Unarmed Combat
  4147 | D:6      | Reached XP level 8. HP: 60/68 MP: 10/10
  4529 | D:6      | Reached skill level 8 in Unarmed Combat
  4567 | D:6      | Reached skill level 5 in Evocations
  5038 | D:7      | Found a basalt altar of Yredelemnul.
  5058 | D:7      | Found a shimmering altar of Xom.
  5078 | D:7      | Reached ** piety under Pakellas
  5078 | D:7      | Received a gift from Pakellas
  5078 | D:7      | Reached skill level 9 in Unarmed Combat
  5219 | D:7      | Found an opulent altar of Gozag.
  5785 | D:7      | Reached XP level 9. HP: 60/75 MP: 12/12
  5872 | D:8      | Found a sparkling altar of Nemelex Xobeh.
  6201 | D:8      | Found Reovap's Food Shop.
  6233 | D:8      | Found a shattered altar of Ashenzari.
  6243 | D:8      | Reached skill level 10 in Unarmed Combat
  6272 | D:8      | Reached *** piety under Pakellas
  6543 | D:8      | Found a burning altar of Makhleb.
  6551 | D:8      | Found a sacrificial altar of Ru.
  6922 | D:9      | Found a glowing golden altar of the Shining One.
  6937 | D:9      | Found a staircase to the Lair.
  6939 | D:9      | Found a staircase to the Orcish Mines.
  6939 | D:9      | Found Zuugacej's Weapon Shoppe.
  7192 | D:9      | Reached skill level 1 in Fighting
  7562 | D:9      | Noticed Psyche
  7565 | D:9      | Killed Psyche
  7885 | Lair:1   | Entered Level 1 of the Lair of Beasts
  7894 | Lair:1   | Reached XP level 10. HP: 84/91 MP: 14/14
  7925 | Lair:1   | Reached **** piety under Pakellas
  7925 | Lair:1   | Received a gift from Pakellas
  8119 | Lair:1   | Noticed a seven-headed hydra
  8124 | Lair:1   | Killed a seven-headed hydra
  8202 | Lair:1   | Reached skill level 5 in Fighting
  8442 | Lair:1   | Identified a +8 rod of destruction (12/12) (Pakellas gifted it to you on level 1 of the Lair of Beasts)
  9030 | Lair:2   | Noticed an eight-headed hydra
  9035 | Lair:2   | Killed an eight-headed hydra
  9060 | Lair:2   | Noticed Sonja
  9069 | Lair:2   | Killed Sonja
  9069 | Lair:2   | Reached XP level 11. HP: 97/109 MP: 8/16
  9171 | Lair:1   | Upgraded the game from 0.18-a0-750-g37044d6 to 0.18-a0-775-g4d9e04e
  9527 | Lair:2   | Got an ichor-stained robe
  9550 | Lair:2   | Identified the +0 robe "Reext" {Int+2} (You found it on level 2 of the Lair of Beasts)
 10020 | Lair:3   | Noticed Snorg
 10030 | Lair:3   | Killed Snorg
 10860 | Lair:4   | Found a staircase to the Snake Pit.
 11674 | Lair:4   | Reached skill level 5 in Dodging
 11761 | Lair:4   | Reached XP level 12. HP: 121/124 MP: 13/17
 11827 | Lair:4   | HP: 2/124 [blink frog (12)]
 11829 | Lair:4   | Slain by a blink frog

Vault maps used:
D:1:      onia_arrival_pentagram
D:3:      nicolae_overflow_crystal_walls, uniq_natasha
D:4:      minmay_temple_entry_trees
D:5:      gammafunk_temple_overflow_wave, first_bread, serial_park_tiny_1,
          kennysheep_generic_room_11, uniq_blork_the_orc, uniq_menkaure
D:7:      marbit_many_paths, nicolae_gozag_cash_rules_everything_around_me,
          basic_altar
D:8:      gammafunk_temple_overflow_statue, ashenzari_conservatory_becter,
          serial_shops, nicolae_shop_trees, grunt_pizzeria, minmay_holes,
          nemelex_xobeh_ov_fountains_minmay
D:9:      dpeg_oklobed_lair, orc_david_3, basic_altar, uniq_psyche
Temple:   oiseaux_autumnal_temple_12
Lair:1:   beast_lair_carwin_11
Lair:2:   lab_entry_generic, uniq_sonja
Lair:3:   uniq_snorg
Lair:4:   lemuel_reptile_caves, shoals_dummy_entry, dummy_snake_entry,
          grunt_forest_large_clearings

Action                   |  1- 3 |  4- 6 |  7- 9 | 10-12 || total
-------------------------+-------+-------+-------+-------++-------
Melee: Unarmed           |   128 |   147 |   355 |   351 ||   981
       Short sword       |     4 |       |       |       ||     4
 Fire: Blowgun           |       |       |     5 |       ||     5
Throw: Javelin           |       |       |     5 |     4 ||     9
Invok: Quick Charge      |       |       |       |     3 ||     3
Evoke: Wand              |       |    13 |    20 |    33 ||    66
       Rod               |       |       |       |     8 ||     8
       Lamp of fire      |       |       |       |     1 ||     1
  Use: Scroll            |     3 |     4 |     6 |    10 ||    23
       Potion            |       |       |     2 |     7 ||     9
 Stab: Sleeping          |     1 |     2 |     1 |       ||     4
       Confused          |       |       |     2 |     1 ||     3
       Distracted        |       |       |       |     1 ||     1
  Eat: Chunk             |    11 |    17 |    40 |    36 ||   104
       Beef jerky        |       |       |     1 |     2 ||     3
       Meat ration       |       |       |     1 |       ||     1
       Fruit             |       |       |       |     5 ||     5
